 Dungeon Crawl Stone Soup version 0.21-a0-186-g02e8684 (webtiles) character file.

454 Spazmo the Magician (level 6, -2/35 HPs)
             Began as a Deep Elf Conjurer on Aug 13, 2017.
             Slain by an ice beast (9 damage)
             ... on level 5 of the Dungeon.
             The game lasted 00:11:39 (3936 turns).

Spazmo the Magician (Deep Elf Conjurer)             Turns: 3936, Time: 00:11:41

Health: -2/35      AC:  2    Str:  5    XL:     6   Next: 76%
Magic:  3/17       EV: 14    Int: 22    God:
Gold:   207        SH:  0    Dex: 15    Spells: 6/17 levels left

rFire    + . .     SeeInvis .   i - +0 dagger (venom)
rCold    . . .     Gourm    .   (no shield)
rNeg     . . .     Faith    .   a - +0 robe
rPois    .         Spirit   .   (no helmet)
rElec    .         Reflect  .   (no cloak)
rCorr    .         Harm     .   (no gloves)
MR       .....                  (no boots)
Stlth    ++........             (no amulet)
HPRegen  0.11/turn              j - ring of protection from fire
MPRegen  0.15/turn              (no ring)

@: very slightly contaminated
A: no striking features
a: no special abilities


You were on level 5 of the Dungeon.
You were not hungry.

You visited 1 branch of the dungeon, and saw 5 of its levels.

You collected 207 gold pieces.

Inventory:

Hand Weapons
 i - a +0 dagger of venom (weapon)
Missiles
 e - 131 stones (quivered)
Armour
 a - a +0 robe (worn)
Jewellery
 j - a ring of protection from fire (left hand)
 q - an uncursed amulet of faith
Wands
 d - a wand of acid (2/15)
Scrolls
 g - 5 scrolls of identify
Potions
 f - 2 potions of agility
 k - a potion of brilliance {unknown}
 n - 2 potions of ambrosia
 o - a potion of degeneration {unknown}
 r - a potion of resistance {unknown}
Books
 b - a book of Conjurations

   Spells                             Type                      Level
   a - Magic Dart                     Conjuration                  1
   b - Searing Ray                    Conjuration                  2
   c - Dazzling Spray                 Conjuration/Hexes            3
   d - Fulminant Prism                Conjuration/Hexes            4
   e - Force Lance                    Conjuration/Translocation    4
   f - Iskenderun's Mystic Blast      Conjuration                  4
Comestibles
 c - 4 bread rations
 h - a meat ration
 m - 4 royal jellies


   Skills:
 + Level 1.9 Fighting
 + Level 4.4 Dodging
 - Level 2.4 Stealth
 * Level 6.4 Spellcasting
 * Level 6.0 Conjurations


You had 6 spell levels left.
You knew the following spells:

 Your Spells              Type           Power        Failure   Level  Hunger
a - Magic Dart            Conj           ####         1%          1    None
b - Searing Ray           Conj           ####..       1%          2    None
c - Force Lance           Conj/Tloc      ###.....     26%         4    ###....
d - Iskenderun's Mystic   Conj           ####....     7%          4    ###....


Dungeon Overview and Level Annotations

Branches:
Dungeon (5/15)
 Temple: D:4-7

Altars:
Fedhas
Ru
Sif Muna
Wu Jian
Xom

Shops:
D:4 *


Message History

The ice beast closely misses you.
You barely miss the ice beast.
The ice beast is heavily wounded.
The ice beast hits you. The ice beast freezes you!
* * * LOW HITPOINT WARNING * * *
You barely miss the ice beast.
The ice beast is heavily wounded.
The ice beast misses you.
Evoke which item? (* to show all) (? for menu, Esc to quit)
Aiming: Corrosive Bolt (will waste charges)
Press: ? - help, Shift-Dir - straight line, f/p - ice beast
Aim: an ice beast (heavily wounded)
The bolt of acid hits the ice beast.
The ice beast is splashed with acid.
The acid corrodes the ice beast!
The ice beast is almost dead.
Evoking this partially-identified wand wasted a few charges.
The ice beast hits you.
* * * LOW HITPOINT WARNING * * *
The ice beast freezes you!
You die...

########'########
######................
#....#................
#....#................
#....'................
#....#................
#....#................
#....#.......Y........
#....#.......@........
#...##................
#...#........#########
#...#........#
#...#........#
#...#........#
#...#.<......#
#...#........#
#...'........#


You could see an ice beast.

Vanquished Creatures
  An ogre (D:4)
  A scorpion (D:5)
  A crimson imp (D:3)
  A hound (D:4)
  A bullfrog skeleton (D:5)
  2 orc wizards (D:4)
  4 gnolls (D:2)
  5 adders
  5 worms
  2 dart slugs
  4 leopard geckos
  6 orcs
  A ball python (D:3)
  7 bats
  4 giant cockroaches
  4 goblins
  6 hobgoblins
  3 jackals (D:2)
  A quokka (D:3)
  6 frilled lizards
  8 kobolds
  7 rats
80 creatures vanquished.

Notes
Turn   | Place    | Note
-------+----------+-------------------------------------------
     0 | D:1      | Spazmo the Deep Elf Conjurer began the quest for the Orb.
     0 | D:1      | Reached XP level 1. HP: 10/10 MP: 6/6
   550 | D:1      | Reached XP level 2. HP: 15/15 MP: 5/8
   554 | D:1      | Learned a level 2 spell: Searing Ray
  1188 | D:2      | Found a sacrificial altar of Ru.
  1198 | D:2      | Found a blossoming altar of Fedhas.
  1254 | D:2      | Reached XP level 3. HP: 18/19 MP: 0/10
  1803 | D:2      | Reached skill level 5 in Conjurations
  1803 | D:2      | Reached XP level 4. HP: 24/24 MP: 4/12
  1818 | D:2      | Learned a level 4 spell: Force Lance
  1823 | D:2      | Learned a level 4 spell: Iskenderun's Mystic Blast
  2186 | D:3      | Reached skill level 5 in Spellcasting
  2304 | D:3      | You fall through a shaft!
  2317 | D:4      | Reached XP level 5. HP: 25/28 MP: 5/14
  2404 | D:3      | Reached skill level 1 in Fighting
  2545 | D:3      | Found an ornate altar of the Wu Jian Council.
  2724 | D:3      | Found a faded altar of an unknown god.
  2916 | D:3      | Found a deep blue altar of Sif Muna.
  3335 | D:4      | Found a shimmering altar of Xom.
  3358 | D:4      | Found Guysump's Elemental Accessories.
  3432 | D:4      | Noticed an ogre
  3437 | D:4      | Killed an ogre
  3437 | D:4      | Reached XP level 6. HP: 34/34 MP: 11/16
  3830 | D:5      | Entered Level 5 of the Dungeon
  3915 | D:5      | Noticed an ice beast
  3936 | D:5      | Slain by an ice beast

Vault maps used:
D:1:      dpeg_arrival_long_road, serial_forest, infiniplex_forest_clump_tiny,
          infiniplex_forest_straight_4, infiniplex_forest_lined_room_2,
          infiniplex_forest_lined_corner, infiniplex_forest_end_1,
          infiniplex_forest_clump_C, infiniplex_forest_zigzag_1,
          infiniplex_forest_fountain, infiniplex_forest_clump_medium,
          infiniplex_forest_diagonal
D:2:      amethyst_overflow_temple_binary
D:3:      marbit_many_paths, chequers_ecumenical_altar_simple,
          lemuel_blue_sif_altar
D:4:      lemuel_doored_altar, first_bread, nicolae_elemental_shop
D:5:      uniq_grinder

Skill      XL: |  1  2  3  4  5  6 |
---------------+-------------------+-----
Spellcasting   | 4 5 6 |  6.4
Dodging        | 3 4 |  4.4
Conjurations   | 5 6 |  6.0
Fighting       | 1 |  1.9
Stealth        | |  2.4

Action                   |  1- 3 |  4- 6 || total
-------------------------+-------+-------++-------
Melee: Dagger            |     4 |     5 ||     9
 Cast: Magic Dart        |    59 |    91 ||   150
       Searing Ray       |     5 |    14 ||    19
Evoke: Wand              |       |     1 ||     1
  Use: Scroll            |       |     8 ||     8
       Potion            |       |     2 ||     2
  Eat: Chunk             |     3 |     6 ||     9
Armor: Robe              |       |     1 ||     1
Dodge: Dodged            |     6 |    14 ||    20
